 Dungeon Crawl Stone Soup version 0.30.1-11-g7821555f0a (webtiles) character file.

Game seed: 4671662541496421891

675 BigPumpCobain the Martial Artist (level 7, -5/48 HPs)
             Began as a Merfolk Transmuter on Dec 10, 2023.
             Slain by a troll (10 damage)
             ... on level 5 of the Dungeon.
             The game lasted 00:11:33 (5310 turns).

BigPumpCobain the Martial Artist (MfTm)             Turns: 5310, Time: 00:11:34

Health: -5/48      AC:  2    Str: 10    XL:     7   Next: 59%
Magic:  7/10       EV: 25    Int: 15    God:
Gold:   229        SH:  0    Dex: 19    Spells: 6/10 levels left

rFire   . .          .
                       - Unarmed
rCold   . . .        (shield currently unavailable)
rNeg    . . .        a - melded +0 robe
rPois   x            (helmet currently unavailable)
rElec   .            j - melded +0 cloak
rCorr   .            (gloves currently unavailable)
SInv    .            (boots currently unavailable)
Will    .....        (no amulet)
Stlth   ++           f - +5 ring of evasion
HPRegen 0.28/turn    (no ring)
MPRegen 0.12/turn

%: no passive effects
@: spider-form (expiring)
A: venomous fangs, tiny, (nimble swimmer 2), (mertail)
a: End Transformation


You were on level 5 of the Dungeon.
You were a venomous arachnid creature.
You visited 1 branch of the dungeon, and saw 5 of its levels.

You collected 229 gold pieces.

Inventory:

Hand Weapons
 l - a +2 hand axe of flaming
Armour
 a - a +0 robe (melded)
 j - a +0 cloak (melded)
 x - a +0 pair of boots
Jewellery
 f - a +5 ring of evasion (left front pincers)
 u - an amulet of faith
 v - an amulet of guardian spirit
Wands
 p - a wand of roots (5)
Scrolls
 c - 3 scrolls of immolation {unknown}
 d - a scroll of amnesia {unknown}
 e - 2 scrolls of fog {unknown}
 g - a scroll of acquirement {unknown}
 h - 3 scrolls of teleportation {unknown}
 i - 3 scrolls of fear {unknown}
 k - 2 scrolls of poison {unknown}
 n - 5 scrolls of identify {unknown}
Potions
 b - 2 potions of lignification
 m - a potion of haste {unknown}
 o - 2 potions of might {unknown}
 q - 3 potions of mutation {unknown}
 r - a potion of attraction {unknown}
 s - 2 potions of magic {unknown}
 t - 2 potions of curing {unknown}
 w - a potion of berserk rage {unknown}
 z - a potion of heal wounds {unknown}
 A - a potion of flight {unknown}


   Skills:
 - Level 1.1 Fighting
 - Level 2.6 Dodging
 * Level 8.2 Unarmed Combat
 - Level 2.0 Spellcasting
 - Level 6.1 Transmutations


You had 6 spell levels left.
You knew the following spells:

 Your Spells              Type           Power      Damage    Failure   Level
a - Beastly Appendage     Tmut           38%        N/A       8%          1
b - Spider Form           Tmut/Pois      10%        N/A       38%         3

Your spell library contained the following spells:

 Spells                   Type           Power      Damage    Failure   Level
 Wereblood                Tmut           19%        N/A       10%         2
 Foxfire                  Conj/Fire      4%         2x1d4     43%         1
 Shock                    Conj/Air       4%         1d3       43%         1
 Swiftness                Air            1%         N/A       75%         3
 Ice Form                 Ice/Tmut       10%        N/A       75%         4
 Airstrike                Air            0%         2d(1-17)  98%         4
 Fireball                 Conj/Fire      0%         3d3       100%        5
 Plasma Beam              Fire/Air       0%         2x1d11    100%        6
 Starburst                Conj/Fire      0%         6d3       100%        6
 Borgnjor's Revivificati  Necr           0%         N/A       100%        8
 Necromutation            Tmut/Necr      5%         N/A       100%        8
 Death's Door             Necr           0%         N/A       100%        9


Dungeon Overview and Level Annotations

Branches:
Dungeon (5/15)
 Temple: D:4-7

Altars:
Nemelex Xobeh
Wu Jian

Shops:
D:2 *   D:5 (*!**


Innate Abilities, Weirdness & Mutations

You are a venomous arachnid creature.
You have venomous fangs.
You are tiny and dextrous.
Your spellcasting is less reliable in this form.
Your armour is entirely melded.
You are incapable of wielding weapons or throwing items.
((You are very nimble when in or above water. (Stealth+, EV+, Speed+++)))
((Your lower body shifts to a powerful aquatic tail in water.))


Message History

Confirm with . or Enter, or press ? or * to list all spells.
You turn into a venomous arachnid creature.
Your +0 cloak melds into your body.
Your +0 robe melds into your body.
You barely miss the troll. The troll bites you but does no damage.
The troll misses you. The troll claws you.
You barely miss the troll. The troll completely misses you.
The troll misses you. The troll claws you!
You barely miss the troll.
Your transformation is almost over.
You bite the troll!
The troll is moderately wounded.
The troll barely misses you. The troll closely misses you. x2
You completely miss the troll.
The troll is moderately wounded.
The troll completely misses you. The troll claws you!
The troll completely misses you.
You are too injured to fight recklessly!
You are too injured to fight recklessly!
You are too injured to fight recklessly!
You are too injured to fight recklessly!
You are too injured to fight recklessly!
You are too injured to fight recklessly!
You are too injured to fight recklessly!
You are too injured to fight recklessly!
You are too injured to fight recklessly!
You are too injured to fight recklessly!
You are too injured to fight recklessly!
You are too injured to fight recklessly!
You are too injured to fight recklessly!
You are too injured to fight recklessly!
You bite the troll!
The troll is poisoned.
The troll is heavily wounded.
The troll bites you!
* * * LOW HITPOINT WARNING * * *
The troll closely misses you. The troll completely misses you.
The troll attacks as you move away! The troll barely misses you.
The troll completely misses you. x2
There is an open door here.
The troll attacks as you move away! The troll bites you!
You die...

#+###≈~... #.~≈≈... #.~≈~...
#.≈~≈... #.~~~... #.≈~~..P ##++##
####### #.~≈≈...
#....#######..#.^# #.~≈~...
+....'....sT..'..# #.~≈~...
#....#######..#..#+###≈~...
#######''''#############...#≈≈P..
.......................#.gg#≈~...
~~~≈~~~....~~~≈≈~~≈~~~~#####≈~...
≈≈≈~≈≈~....~≈≈≈≈≈≈≈≈≈≈≈≈≈≈≈≈≈~...
~~~~~~~....~~~~~~~~~~~~~~~~~~~...
.................................
............>....################


You could see a troll (very poisoned).

Vanquished Creatures
  An ice beast (D:5)
  3 scorpions
  A howler monkey (D:5)
  An orc priest (D:3)
  An iguana (D:5)
  Ijyb (D:3)
  An orc wizard (D:3)
  Robin (D:4)
  9 adders
  A gnoll (D:5)
  A shadow imp (D:5)
  2 white imps (D:5)
  5 dart slugs
  10 orcs
  5 endoplasms
  6 giant cockroaches
  14 hobgoblins
  16 jackals
  9 quokkas
  8 ball pythons
  5 bats
  4 frilled lizards
  18 goblins
  4 kobolds
  3 rats
130 creatures vanquished.

Notes
Turn   | Place    | Note
-------+----------+-------------------------------------------
     0 | D:1      | BigPumpCobain the Merfolk Transmuter began the quest for
                  | the Orb.
     0 | D:1      | Reached XP level 1. HP: 15/15 MP: 3/3
   237 | D:1      | Reached XP level 2. HP: 21/21 MP: 3/5
   460 | D:1      | Reached skill level 4 in Unarmed Combat
   827 | D:1      | Reached XP level 3. HP: 22/26 MP: 4/6
  1401 | D:2      | Found Util's General Store.
  1457 | D:2      | Reached XP level 4. HP: 32/32 MP: 5/7
  1961 | D:3      | Reached skill level 5 in Unarmed Combat
  2001 | D:2      | Learned a level 3 spell: Spider Form
  2294 | D:3      | Found a sparkling altar of Nemelex Xobeh.
  2315 | D:3      | Noticed Ijyb
  2329 | D:3      | Killed Ijyb
  2330 | D:3      | Reached XP level 5. HP: 15/37 MP: 5/8
  2478 | D:3      | Noticed Robin
  2492 | D:4      | Killed Robin
  2493 | D:4      | Reached skill level 6 in Unarmed Combat
  2960 | D:3      | Reached skill level 5 in Transmutations
  2960 | D:3      | Reached XP level 6. HP: 39/43 MP: 3/9
  4014 | D:5      | Entered Level 5 of the Dungeon
  4110 | D:5      | Reached skill level 7 in Unarmed Combat
  4190 | D:5      | Reached XP level 7. HP: 45/48 MP: 7/10
  4324 | D:5      | Found Supt's Lightly-Used Armoury.
  4329 | D:5      | Found Vuwkiryg's Weapon Boutique.
  4332 | D:5      | Found Xunonad's Distillery.
  4525 | D:5      | Reached skill level 8 in Unarmed Combat
  4595 | D:5      | Found Nobroha's Assorted Antiques.
  5174 | D:5      | Found an ornate altar of the Wu Jian Council.
  5182 | D:5      | Found Edaal's General Store.
  5298 | D:5      | Noticed a troll
  5310 | D:5      | Slain by a troll

Illustrated notes

Levels and vault maps discovered:
D:1:      dpeg_arrival_short_road, layout_basic
D:2:      layout_loops_ring, serial_shops, nicolae_shop_tiny_real_fake_doors,
          nicolae_titane
D:3:      layout_loops_ring, old_standard_altar, gup_sewer_entry_pipe,
          uniq_ijyb, uniq_robin
D:4:      layout_cave_pools
D:5:      lemuel_castle_with_subvaults [lemuel_castle_interior_original],
          layout_basic, kennysheep_mini_moat, serial_shops, shop, shop, shop,
          shop, shop, minivault_23, hangedman_decor_lopped, minmay_shop_damaged

Skill      XL: |  1  2  3  4  5  6  7 |
---------------+----------------------+-----
Transmutations | 3 4 5 6 |  6.1
Unarmed Combat | 4 5 6 7 8 |  8.2
Fighting       | |  1.1
Dodging        | |  2.6
Spellcasting   | |  2.0

Action                     |  1- 3 |  4- 6 |  7- 9 || total
---------------------------+-------+-------+-------++-------
  Melee: Unarmed           |   103 |   185 |    85 ||   373
         Headbutt          |    15 |     4 |       ||    19
         Punch             |     5 |     4 |       ||     9
   Cast: Beastly Appendage |    23 |     8 |       ||    31
         Spider Form       |       |    28 |    12 ||    40
    Use: Scroll            |     1 |       |       ||     1
   Stab: Distracted        |       |     1 |       ||     1
         Sleeping          |       |     1 |       ||     1
 Armour: Robe              |     8 |     8 |       ||    16
         Skin              |       |     1 |     3 ||     4
  Dodge: Dodged            |    73 |   156 |    79 ||   308
